 Dungeon Crawl Stone Soup version 0.30-a0-639-g3916f1956a (webtiles) character file.

Game seed: 4825104153923013155

76 timneilson the Slasher (level 4, -6/34 HPs)
             Began as a Demonspawn Gladiator on Jan 16, 2023.
             Splashed by a jelly's acid (8 damage)
             ... on level 2 of the Dungeon.
             The game lasted 00:01:46 (972 turns).

timneilson the Slasher (Demonspawn Gladiator)        Turns: 972, Time: 00:01:47

Health: -6/34      AC: -6    Str: 16    XL:     4   Next: 12%
Magic:  4/4        EV:  7    Int:  9    God:
Gold:   106        SH:  0    Dex: 15    Spells: 3/3 levels left

rFire   . . .      SeeInvis .    a - +0 long sword
rCold   . . .      Faith    .    (no shield)
rNeg    . . .      Spirit   .    h - +0 chain mail
rPois   .          Reflect  .    (helmet restricted)
rElec   .          Harm     .    m - +0 cloak
rCorr   .          Rampage  .    (no gloves)
Will    .....                    (no boots) Stlth
                                 (no amulet)
HPRegen 0.25/turn                n - ring of flight
MPRegen 0.09/turn                (no ring)

@: corroded, flying
A: horns 1, powered by death 1
a: no special abilities


You were on level 2 of the Dungeon.
You visited 1 branch of the dungeon, and saw 2 of its levels.

You collected 106 gold pieces.

Inventory:

Hand Weapons
 a - a +0 long sword (weapon)
Missiles
 d - 3 throwing nets (quivered)
 e - a javelin
Armour
 h - a +0 chain mail (worn)
 m - a +0 cloak (worn)
Jewellery
 n - a ring of flight (left hand)
Potions
 b - 2 potions of mutation {unknown}
 g - 3 potions of curing
 i - a potion of resistance {unknown}
 j - 2 potions of magic {unknown}


   Skills:
 + Level 2.6 Fighting
 * Level 3.3 Long Blades
 - Level 1.7 Throwing
 * Level 1.7 Armour
 + Level 3.1 Dodging


You had 3 spell levels left.
You didn't know any spells.
Your spell library was empty.

Dungeon Overview and Level Annotations

Branches:
Dungeon (2/15)

Altars:


Innate Abilities, Weirdness & Mutations

You have a pair of small horns on your head.
You regenerate a little health from kills.


Message History

You reach down and open the door. 2 endoplasms and a jelly come into view.
The endoplasm quivers.
The jelly quivers.
The endoplasm moves out of view.
Found a goblin skeleton, three bat skeletons and a hobgoblin skeleton.
You slash the endoplasm!
You kill the endoplasm!
A jelly comes into view.
You slash the jelly! The acid corrodes you!
Your hands burn!
You headbutt the jelly.
The jelly is almost dead.
The jelly hits you but does no damage.
You barely miss the jelly.
The jelly is almost dead.
The jelly hits you but does no damage.
You hit the jelly.
You kill the jelly!
An endoplasm comes into view.
The endoplasm jiggles.
The endoplasm hits you.
You have reached level 4!
You feel agile.
You barely miss the endoplasm.
An endoplasm comes into view.
The endoplasm quivers.
You hit the jelly but do no damage. The acid corrodes you!
Your hands burn!
You hit the jelly but do no damage.
Your hands burn!
The jelly hits you but does no damage.
You hit the jelly but do no damage.
Your hands burn!
You headbutt the jelly, but do no damage.
The jelly hits you. The acid corrodes you!
You are splashed with acid!
The jelly attacks as you move away! The jelly hits you. The acid corrodes you!
You are splashed with acid!
* * * LOW HITPOINT WARNING * * *
Things that are here:
a +0 short sword; a kobold corpse The jelly attacks as you move away!
The jelly hits you.
* * * LOW HITPOINT WARNING * * *
The acid corrodes you!
You are splashed with acid!
You die...

..... ...# ...###
...... ...# ### ...#
#######.##
...######....#.#.#
##.##.##.....#.#.#
#.)#)'......#'#@#
##)))'.?......#J#
###.'........#.#
#.##.......#J#
#####......##JJ...P÷
######## #.÷÷÷.÷
######


You could see a jelly and 2 endoplasms.

Vanquished Creatures
  A jelly (D:2)
  An adder (D:2)
  2 ball pythons (D:1)
  4 bats (D:1)
  4 endoplasms
  2 giant cockroaches (D:1)
  3 goblins (D:1)
  2 hobgoblins (D:1)
  3 jackals (D:2)
  A frilled lizard (D:1)
  10 kobolds
  4 rats
37 creatures vanquished.

Vanquished Creatures (others)
  6 fungi (D:2)
  3 toadstools (D:2)
9 creatures vanquished.

Grand Total: 46 creatures vanquished

Notes
Turn   | Place    | Note
-------+----------+-------------------------------------------
     0 | D:1      | timneilson the Demonspawn Gladiator began the quest for the
                  | Orb.
     0 | D:1      | Reached XP level 1. HP: 16/16 MP: 1/1
   150 | D:1      | Gained mutation: You regenerate a little health from kills.
                  | [demonic ancestry]
   150 | D:1      | Reached XP level 2. HP: 22/22 MP: 2/2
   611 | D:1      | Reached skill level 1 in Armour
   779 | D:2      | Gained mutation: You have a pair of small horns on your
                  | head. [demonic ancestry]
   779 | D:2      | Reached XP level 3. HP: 28/28 MP: 3/3
   965 | D:2      | Reached XP level 4. HP: 33/34 MP: 4/4
   972 | D:2      | Splashed by a jelly's acid

Illustrated notes

Levels and vault maps discovered:
D:1:      minmay_arrival_cross, layout_loops_ring, minmay_tromino_mix6
D:2:      cheibrodos_fertilizer, layout_basic

Skill      XL: |  1  2 |
---------------+-------+-----
Long Blades    | 3 |  3.3
Armour         | 1 |  1.7
Dodging        | 3 |  3.1
Fighting       | |  2.6
Throwing       | |  1.7

Action                   |  1- 3 |  4- 6 || total
-------------------------+-------+-------++-------
Melee: Long sword        |   111 |     4 ||   115
       Punch             |     2 |       ||     2
       Headbutt          |     6 |     1 ||     7
  Use: Scroll            |     4 |       ||     4
Armor: Chain mail        |    88 |     1 ||    89
       Leather armour    |     2 |       ||     2
Dodge: Dodged            |    55 |       ||    55

Table legend: (Time is in decaauts)
 A = Elapsed time spent in this place.
 B = Non-inter-level travel time spent in this place.
 C = Inter-level travel time spent in this place.
 D = Time resting spent in this place.
 E = Time spent auto-exploring this place.
 F = Levels seen in this place.
 G = Mean time per level.
                   A        B        C        D        E       F      G
               +--------+--------+--------+--------+--------+-----+--------+
         Total |    999 |    978 |     21 |     48 |    637 |   2 |  499.5 |
       Dungeon |    999 |    978 |     21 |     48 |    637 |   2 |  499.5 |
               +--------+--------+--------+--------+--------+-----+--------+

Top non-repeatable levels by time:
     D:1: 788 daAuts
     D:2: 211 daAuts
